 Dungeon Crawl Stone Soup version 0.22-a0-433-gd2a9cce (webtiles) character file.

19826 MisterFreud the Spry (level 12, -3/97 HPs)
             Began as a Merfolk Gladiator on May 27, 2018.
             Was a Priest of the Shining One.
             Slain by a catoblepas (13 damage)
             ... on level 2 of the Lair of Beasts on May 28, 2018.
             The game lasted 00:43:14 (15009 turns).

MisterFreud the Spry (Merfolk Gladiator)           Turns: 15009, Time: 00:43:15

Health: -3/97      AC:  9    Str: 16    XL:     12   Next: 73%
Magic:  16/16      EV:  2    Int:  7    God:    the Shining One [***...]
Gold:   647        SH:  0    Dex: 23    Spells: 11/11 levels left

rFire    . . .     SeeInvis .   V - +5 scythe "Finisher" {speed, Str+3}
rCold    . . .     Gourm    .   (shield currently unavailable)
rNeg     + + +     Faith    .   b - +0 leather armour
rPois    ∞         Spirit   .   T - +2 hat
rElec    +         Reflect  .   F - +1 cloak
rCorr    .         Harm     .   H - +0 pair of gloves
MR       +....                  n - +0 pair of boots "Ojen Ukinoa" {rN+ Regen+ Str-3 Dex+4} (curse)
Stlth    +.........             h - amulet of rage
HPRegen  0.66/turn              U - ring of Serendipity {rElec MR+}
MPRegen  0.15/turn              c - ring of poison resistance

@: petrified, glowing
A: change form in water, swift swim, stealthy swim
a: Divine Shield, Renounce Religion, Evoke Berserk Rage


You were on level 2 of the Lair of Beasts.
You worshipped the Shining One.
The Shining One was most pleased with you.
You were hungry.

You visited 3 branches of the dungeon, and saw 13 of its levels.
You also visited: Labyrinth.

You collected 647 gold pieces.

Inventory:

Hand Weapons
 a - a +0 trident
 V - the +5 scythe "Finisher" (weapon) {speed, Str+3}
   (You took it off a minotaur in a labyrinth)

   Attacks with this weapon are significantly faster.
   It affects your strength (+3).
Missiles
 d - 5 throwing nets (quivered)
 g - 408 stones
 i - 8 tomahawks
 w - 116 bolts
 x - 30 poisoned needles
 A - 58 sling bullets
 I - 165 arrows
 S - 14 javelins of returning
Armour
 b - a +0 leather armour (worn)
 j - a +0 shield
 n - the cursed +0 pair of boots "Ojen Ukinoa" (worn) {rN+ Regen+ Str-3 Dex+4}
   (You found it on level 2 of the Lair of Beasts)

   It affects your strength (-3).
   It affects your dexterity (+4).
   It protects you from negative energy.
   It increases your rate of regeneration.
   It has a curse placed upon it.
 F - a +1 cloak (worn)
 H - a +0 pair of gloves (worn)
 T - a +2 hat (worn)
Jewellery
 c - a ring of poison resistance (right hand)
 h - an amulet of rage (around neck)
 P - an uncursed amulet of the acrobat
 U - the ring of Serendipity (left hand) {rElec MR+}
   (You took it off a minotaur in a labyrinth)

   [ring of protection from magic]

   It insulates you from electricity.
   It affects your resistance to hostile enchantments.
 W - an uncursed ring of protection from cold
Wands
 q - a wand of disintegration (23)
 L - a wand of paralysis (2)
 N - a wand of iceblast (9)
 R - a wand of polymorph (31)
 X - a wand of acid (9)
 Y - a wand of digging (7)
Scrolls
 e - 7 scrolls of remove curse
 l - 2 scrolls of fog
 r - a scroll of noise {unknown}
 s - 3 scrolls of teleportation
 t - 2 scrolls of random uselessness {unknown}
 z - 2 scrolls of magic mapping {unknown}
 B - 2 scrolls of immolation {unknown}
 D - a scroll of enchant armour {unknown}
 E - 3 scrolls of amnesia
 G - 4 scrolls of blinking
 J - 2 scrolls of acquirement {unknown}
 K - 2 scrolls of enchant weapon {unknown}
 Q - a scroll of fear {unknown}
 Z - a scroll of vulnerability {unknown}
Potions
 k - a potion of magic
 o - 2 potions of brilliance
 p - 2 potions of mutation
 u - a potion of heal wounds
 v - 3 potions of degeneration
 C - 2 potions of ambrosia
 M - 4 potions of curing
 O - a potion of flight {unknown}
Comestibles
 f - 13 rations


   Skills:
 - Level 10.0 Fighting
 - Level 16.0 Polearms
 - Level 2.0 Throwing
 - Level 16.3 Dodging
 - Level 6.0 Invocations
 + Level 4.2 Evocations


You had 11 spell levels left.
You didn't know any spells.
Your spell library contained the following spells:

 Spells                   Type           Power        Failure   Level  Hunger
 Magic Dart               Conj           #...         50%         1    ##.....
 Confuse                  Hex            #.......     86%         3    ####...
 Mephitic Cloud           Conj/Pois/Air  #.......     86%         3    ####...
 Venom Bolt               Conj/Pois      #.........   100%        5    ######.
 Olgreb's Toxic Radiance  Pois           #.......     99%         4    #####..
 Iskenderun's Mystic Bla  Conj           #.......     99%         4    #####..
 Sting                    Conj/Pois      #...         50%         1    ##.....
 Stone Arrow              Conj/Erth      #.....       86%         3    ####...
 Confusing Touch          Hex            #.....       50%         1    ##.....
 Passwall                 Tmut/Erth      #.......     65%         2    ###....
 Metabolic Englaciation   Hex/Ice        #.........   100%        5    ######.
 Lee's Rapid Deconstruct  Erth           #.........   100%        5    ######.
 Sandblast                Erth           #.....       50%         1    ##.....
 Petrify                  Tmut/Erth      #.......     99%         4    #####..
 Fulminant Prism          Conj/Hex       #.........   99%         4    #####..
 Dazzling Spray           Conj/Hex       #.....       86%         3    ####...
 Force Lance              Conj/Tloc      #.......     99%         4    #####..
 Searing Ray              Conj           #.....       65%         2    ###....
 Gell's Gravitas          Tloc           #.........   86%         3    ####...
 Yara's Violent Unravell  Hex/Tmut       #.........   100%        5    ######.
 Poisonous Vapours        Pois/Air       #.....       65%         2    ###....


Dungeon Overview and Level Annotations

Branches:
Dungeon (10/15)            Temple (1/1) D:5            Lair (2/6) D:10
    Orc (0/2) D:9
  Swamp: Lair:2-4    Shoals: Lair:2-4     Snake: Lair:2-4    Spider: Lair:2-4

Altars:
Cheibriados
Elyvilon
Fedhas
Gozag
Kikubaaqudgha
Nemelex Xobeh
Okawaru
Qazlal
Ru
Sif Muna
Uskayaw
Wu Jian
Xom
Yredelemnul
The Shining One

Shops:
D:7 =


Message History

The catoblepas gores you!
The crocodile bites you but does no damage.
The catoblepas gores you!! The crocodile bites you! The catoblepas gores you!!
The crocodile bites you. The catoblepas barely misses you.
The crocodile bites you! The catoblepas barely misses you.
The crocodile barely misses you. The catoblepas gores you!!
* * * LOW HITPOINT WARNING * * *
The crocodile bites you!
* * * LOW HITPOINT WARNING * * *
The catoblepas gores you!!
* * * LOW HITPOINT WARNING * * *
The crocodile bites you but does no damage.
The catoblepas breathes a plume of calcifying dust at you.
The blast of calcifying dust hits you!
The blast of calcifying dust hits the crocodile.
The crocodile is engulfed in calcifying dust.
The crocodile is moving more slowly.
The crocodile barely misses you.
You are engulfed in calcifying dust.
The catoblepas gores you!!
You die...

## #.... ... .# #....
......# .# #.... ......#
.# #..## ......)
.###########..###.......
.##P#P..#..#..P#........
...............?..§....#
.......>.........t.....#
................@.......
...............Y.......#
.......................#
.......................#
..####..##.##....######.
..# #########...# #...#
#.... ..


You could see a catoblepas and a crocodile (petrifying).

Vanquished Creatures
  Gastronok (D:8)
  A minotaur (Lab)
  The ghost of Mgcat the Cleaver, a novice MiBe of Trog (D:8)
  Joseph (D:8)
  2 black mambas (Lair:1)
  A spiny frog (Lair:1)
  A komodo dragon (Lair:1)
  2 trolls
  4 hippogriffs
  A redback (Lab)
  A spriggan (D:10)
  3 basilisks
  42 yaks
  3 water moccasins
  7 porcupines
  4 ice beasts
  An orc warrior (D:9)
  A sky beast (D:7)
  4 phantoms
  A centaur (D:6)
  9 ogres
  10 crocodiles
  5 big kobolds (D:9)
  2 gnoll sergeants (D:9)
  7 bullfrogs
  A wyvern skeleton (D:10)
  6 scorpions
  4 killer bees
  6 howler monkeys
  8 wights
  A centaur zombie (D:10)
  4 bullfrog zombies
  5 crimson imps
  2 centaur skeletons
  A jelly (D:10)
  4 bullfrog skeletons
  6 orc priests
  4 hounds
  7 orc wizards
  Crazy Yiuf (D:3)
  Ijyb (D:4)
  Jessica (D:1)
  3 iguanas
  Natasha (thrice) (D:2)
  8 worker ants
  A hound skeleton (D:10)
  A howler monkey skeleton (D:9)
  2 worker ant zombies
  7 gnolls
  7 adders
  An adder skeleton (D:4)
  2 worms (D:4)
  3 dart slugs
  5 leopard geckos
  42 orcs
  3 giant cockroaches
  9 goblins
  6 hobgoblins
  6 jackals
  9 kobolds
  5 quokkas
  2 ball pythons
  4 bats
  5 frilled lizards
  A leopard gecko skeleton (D:4)
  A leopard gecko zombie (D:6)
  A quokka zombie (D:7)
  3 rats (D:1)
  A fungus (D:3)
318 creatures vanquished.

Vanquished Creatures (others)
  3 bushes (D:10)
  15 plants (D:10)
18 creatures vanquished.

Grand Total: 336 creatures vanquished

Notes
Turn   | Place    | Note
-------+----------+-------------------------------------------
     0 | D:1      | MisterFreud the Merfolk Gladiator began the quest for the Orb.
     0 | D:1      | Reached XP level 1. HP: 16/16 MP: 1/1
    90 | D:1      | Reached skill level 5 in Polearms
   142 | D:1      | Reached XP level 2. HP: 22/22 MP: 2/2
   630 | D:2      | Reached XP level 3. HP: 10/27 MP: 3/3
   849 | D:2      | Noticed Jessica
   961 | D:2      | Found a snail-covered altar of Cheibriados.
   976 | D:2      | Noticed Natasha
  1028 | D:1      | Killed Jessica
  1234 | D:2      | Killed Natasha
  1234 | D:2      | Reached XP level 4. HP: 27/33 MP: 4/4
  1392 | D:2      | Noticed Natasha
  1399 | D:2      | Killed Natasha
  1399 | D:2      | Reached XP level 5. HP: 33/38 MP: 5/5
  1412 | D:2      | Found an opulent altar of Gozag.
  1570 | D:2      | Found an ornate altar of the Wu Jian Council.
  1890 | D:2      | Noticed Natasha
  1895 | D:2      | Killed Natasha
  2596 | D:3      | Reached XP level 6. HP: 44/44 MP: 6/6
  2764 | D:3      | Found a runed door.
  2768 | D:3      | Noticed Crazy Yiuf
  2777 | D:3      | Killed Crazy Yiuf
  3036 | D:4      | Reached skill level 10 in Polearms
  3231 | D:4      | Reached XP level 7. HP: 48/50 MP: 7/7
  3600 | D:5      | Entered Level 5 of the Dungeon
  4244 | D:5      | Reached XP level 8. HP: 42/56 MP: 8/8
  4340 | D:5      | Found a shimmering altar of Xom.
  4763 | D:4      | Noticed Ijyb
  4773 | D:4      | Paralysed by Ijyb for 6 turns
  4796 | D:4      | Paralysed by Ijyb for 4 turns
  4803 | D:4      | Killed Ijyb
  5263 | D:5      | Reached skill level 5 in Dodging
  5264 | D:5      | Found a staircase to the Ecumenical Temple.
  5317 | Temple   | Entered the Ecumenical Temple
  5349 | Temple   | Became a worshipper of the Shining One
  5860 | D:6      | Reached XP level 9. HP: 23/61 MP: 9/9
  6035 | D:6      | Noticed a hand axe
  6035 | D:6      | Noticed a hand axe
  6036 | D:6      | Found a hide-covered altar of Uskayaw.
  6378 | D:6      | Reached * piety under the Shining One
  6943 | D:7      | Reached skill level 10 in Dodging
  7017 | D:7      | Found a sparkling altar of Nemelex Xobeh.
  7028 | D:7      | Found Xisukhi's Jewellery Boutique.
  7393 | D:7      | Found a white marble altar of Elyvilon.
  7773 | D:8      | Noticed Joseph
  8157 | D:8      | Killed Joseph
  8157 | D:8      | Reached XP level 10. HP: 70/73 MP: 10/10
  8348 | D:8      | Reached skill level 5 in Fighting
  8366 | D:8      | Noticed Gastronok
  8623 | D:8      | Noticed Mgcat's ghost (novice MiBe)
  8838 | D:8      | Killed Mgcat's ghost
  9164 | D:9      | Reached ** piety under the Shining One
  9568 | D:9      | Found a staircase to the Orcish Mines.
  9869 | D:10     | Entered Level 10 of the Dungeon
 10392 | D:10     | Reached skill level 10 in Fighting
 10637 | D:10     | Reached skill level 1 in Invocations
 11020 | D:8      | Reached XP level 11. HP: 90/90 MP: 12/14
 11113 | D:9      | Reached skill level 5 in Invocations
 11371 | D:9      | Reached *** piety under the Shining One
 12019 | D:8      | Killed Gastronok
 12019 | D:8      | Reached skill level 15 in Polearms
 12748 | D:10     | Reached XP level 12. HP: 92/97 MP: 16/16
 12871 | D:10     | Found a staircase to the Lair.
 13247 | D:10     | Reached skill level 15 in Dodging
 13329 | Lair:1   | Entered Level 1 of the Lair of Beasts
 13417 | Lair:1   | Found a labyrinth entrance.
 13622 | Lab      | Entered a labyrinth
 13912 | Lab      | Noticed a minotaur
 13925 | Lab      | Killed a minotaur
 13928 | Lab      | Got a scorched glass ring
 13943 | Lab      | Identified the ring of Serendipity {rElec MR+} (You took it off a minotaur in a labyrinth)
 14026 | Lair:1   | Reached skill level 1 in Evocations
 14915 | Lair:2   | Got a pair of encrusted boots
 14926 | Lair:2   | Identified the cursed +0 pair of boots "Ojen Ukinoa" {rN+ Regen+ Str-3 Dex+4} (You found it on level 2 of the Lair of Beasts)
 14992 | Lair:2   | Noticed a catoblepas
 15009 | Lair:2   | Slain by a catoblepas

Vault maps used:
D:1:      dpeg_arrival_rhombi, minmay_misc_feat_five, minmay_statues_item,
          bh_walls_and_bars
D:2:      nicolae_overflow_hidden_temple, grunt_gozag_breadcrumbs,
          lemuel_doored_altar, uniq_natasha, uniq_jessica
D:3:      first_ration, lightli_corner_chamber, uniq_crazy_yiuf_cottage
D:4:      kennysheep_small_spiral, kennysheep_donut, uniq_ijyb
D:5:      minmay_temple_entry_overgrown, serial_bayou_pond_e, xom_teletrap_fun
D:6:      dancing_weapons_uskayaw, palyth_stone_intersect
D:7:      nicolae_overflow_crystal_walls, elyvilon_altar_1, serial_shops, shop,
          minivault_5
D:8:      uniq_gastronok, uniq_psyche, uniq_joseph
D:9:      kennysheep_orc_monster_closet_entryway
D:10:     minmay_lair_entry_grove, grunt_pizzeria
Temple:   eino_temple_scatter_basement
Lair:1:   lab_entry_generic, grunt_megastairs_3
Lair:2:   minmay_shoals_entry_hut, infiniplex_staircase_pool_2
Lab:      labyrinth_spiral, nicolae_lab_quarters, nicolae_lab_arrow,
          nicolae_lab_x, labyrinth_glass_1, nicolae_lab_grate, nicolae_lab_lava

Skill      XL: |  1  2  3  4  5  6  7  8  9 10 11 12 |
---------------+-------------------------------------+-----
Polearms       | 5 6 7 8 9 10 12 14 16 | 16.0
Dodging        | 7 12 13 16 | 16.3
Fighting       | 4 10 | 10.0
Invocations    | 4 6 |  6.0
Evocations     | 4 |  4.2
Throwing       | |  2.0

Action                   |  1- 3 |  4- 6 |  7- 9 | 10-12 || total
-------------------------+-------+-------+-------+-------++-------
Melee: Trident           |    75 |   167 |   561 |   345 ||  1148
       Halberd           |       |       |       |   394 ||   394
       Scythe            |       |       |       |    42 ||    42
 Abil: Evoke Berserk Rag |       |       |       |     3 ||     3
  Use: Scroll            |       |       |     5 |    11 ||    16
       Potion            |       |       |     2 |     5 ||     7
 Stab: Distracted        |     1 |       |       |       ||     1
       Sleeping          |     2 |     1 |     3 |       ||     6
  Eat: Chunk             |     1 |     6 |    14 |    16 ||    37
       Ration            |       |       |     1 |     2 ||     3
Armor: Leather armour    |    15 |    23 |    60 |    49 ||   147
       Skin              |       |       |     5 |    10 ||    15
Dodge: Dodged            |    41 |    65 |   229 |   446 ||   781

Table legend:
 A = Spawn XP
 B = Non-spawn XP
 C = Spawn XP percentage of total XP
 D = Spawn monster count
 E = Non-spawn monster count
 F = Spawn count percentage of total count
 G = Total turns spent on level
                    A         B        C        D         E        F      G
               +---------+---------+-------+---------+---------+-------+---------
         Total |       0 |   28324 |   0.0 |       0 |     317 |   0.0 | 15009
               +---------+---------+-------+---------+---------+-------+---------
           D:1 |       0 |      68 |   0.0 |       0 |      19 |   0.0 |   857
           D:2 |       0 |     149 |   0.0 |       0 |      20 |   0.0 |  1163
           D:3 |       0 |     147 |   0.0 |       0 |      30 |   0.0 |  1000
           D:4 |       0 |     754 |   0.0 |       0 |      35 |   0.0 |  1233
           D:5 |       0 |    1046 |   0.0 |       0 |      23 |   0.0 |  1527
           D:6 |       0 |     728 |   0.0 |       0 |      15 |   0.0 |  1253
           D:7 |       0 |     946 |   0.0 |       0 |      15 |   0.0 |  1810
           D:8 |       0 |    4866 |   0.0 |       0 |      19 |   0.0 |  1262
           D:9 |       0 |    3263 |   0.0 |       0 |      44 |   0.0 |  1434
          D:10 |       0 |    9646 |   0.0 |       0 |      68 |   0.0 |  1739
        Lair:1 |       0 |    4339 |   0.0 |       0 |      20 |   0.0 |  1039
        Lair:2 |       0 |     552 |   0.0 |       0 |       5 |   0.0 |   315
           Lab |       0 |    1820 |   0.0 |       0 |       4 |   0.0 |   326
               +---------+---------+-------+---------+---------+-------+---------
